MWL (24 & UNDER)
CINCINNATI PRIDE @ GRIM REAPERS
08/19/2030
 
TOP OF THE 1ST
Cincinnati Pride batting - Pitching for Grim Reapers : LHP Mike Drake
Pitching: LHP Mike Drake
Batting: LHB Ed Ballard 0-0: Ball
1-0: SOLO HOME RUN (Flyball, 9LD), Distance : 356 ft
Batting: RHB Dudley Helms 0-0: Called Strike
0-1: Ground out 1-3 (Groundball, 13S)
Batting: LHB Pablo Garza 0-0: Swinging Strike
0-1: Swinging Strike
0-2: Ball
1-2: Foul Ball, location: 2F
1-2: Ball
2-2: Strikes out looking
Batting: LHB Terry Barton 0-0: Ball
1-0: Called Strike
1-1: Ball
2-1: Ball
3-1: Base on Balls
Batting: LHB Juan Ortíz 0-0: Called Strike
0-1: Called Strike
0-2: Ball
1-2: Ball
2-2: Foul Ball, location: 2F
2-2: Strikes out swinging
Top of the 1st over - 1 run, 1 hit, 0 errors, 1 left on base; Cincinnati 1 - Grim 0
BOTTOM OF THE 1ST
Grim Reapers batting - Pitching for Cincinnati Pride : RHP Bill Washington
Pitching: RHP Bill Washington
Batting: RHB Arturo Franco 0-0: Ball
1-0: Ball
2-0: Called Strike
2-1: Bunt for hit - play at first, batter OUT! 1-3
Batting: RHB Phil Martin 0-0: Foul Ball, location: 2F
0-1: Ground out 4-3 (Groundball, 4)
Batting: LHB Benny Lawson 0-0: Called Strike
0-1: Ball
1-1: Ball
2-1: Ball
3-1: Base on Balls
Batting: RHB Ramón Sánchez 0-0: Ball
1-0: Foul Ball, location: 2F
1-1: Swinging Strike
1-2: 2-RUN HOME RUN (Flyball, 7LD), Distance : 385 ft
Batting: RHB Júlio Núñez 0-0: Ball
1-0: Ball
2-0: SINGLE (Line Drive, 34)
Batting: RHB Fred Wagner 0-0: Ball
1-0: DOUBLE (Line Drive, 9LM)
Júlio Núñez to third
Runner from 3rd tries for Home, SAFE, no throw
Batting: SHB Luis Sotelo 0-0: Ball
1-0: Called Strike
1-1: Fly out, F8 (Flyball, 8RD)
Bottom of the 1st over - 3 runs, 3 hits, 0 errors, 1 left on base; Cincinnati 1 - Grim 3
TOP OF THE 2ND
Cincinnati Pride batting - Pitching for Grim Reapers : LHP Mike Drake
Batting: LHB Kevin Hatcher 0-0: Ball
1-0: Swinging Strike
1-1: Ball
2-1: Called Strike
2-2: Strikes out swinging
Batting: LHB Al Dooley 0-0: Called Strike
0-1: Called Strike
0-2: Ball
1-2: Strikes out swinging
Batting: RHB Ed Hines 0-0: Foul Ball, location: 2F
0-1: Ball
1-1: Ground out 3-1 (Groundball, 23)
Top of the 2nd over - 0 runs, 0 hits, 0 errors, 0 left on base; Cincinnati 1 - Grim 3
BOTTOM OF THE 2ND
Grim Reapers batting - Pitching for Cincinnati Pride : RHP Bill Washington
Batting: RHB Pedro López 0-0: Called Strike
0-1: Ball
1-1: Foul Ball, location: 2F
1-2: Strikes out swinging
Batting: RHB Mario Barker 0-0: Ball
1-0: Ball
2-0: Ball
3-0: Called Strike
3-1: Called Strike
3-2: Strikes out swinging
Batting: RHB Arturo Franco 0-0: Ball
1-0: Ball
2-0: Ball
3-0: Called Strike
3-1: Base on Balls
Batting: RHB Phil Martin 0-0: Ball
1-0: Called Strike
1-1: Ball
2-1: Called Strike
2-2: DOUBLE (Line Drive, 89D)
Arturo Franco to third
Arturo Franco scores
Batting: LHB Benny Lawson 0-0: Ball
1-0: Swinging Strike
1-1: Ball
2-1: Called Strike
2-2: Strikes out swinging, 2-3 out at first.
Bottom of the 2nd over - 1 run, 1 hit, 0 errors, 1 left on base; Cincinnati 1 - Grim 4
TOP OF THE 3RD
Cincinnati Pride batting - Pitching for Grim Reapers : LHP Mike Drake
Batting: LHB Gene Cherry 0-0: Foul Ball, location: 2F
0-1: Foul Ball, location: 2F
0-2: Strikes out swinging
Batting: LHB Ed Ballard 0-0: Ground out 1-3 (Groundball, 13)
Batting: RHB Dudley Helms 0-0: Ball
1-0: Called Strike
1-1: Ball
2-1: Ground out 1-3 (Groundball, 15)
Top of the 3rd over - 0 runs, 0 hits, 0 errors, 0 left on base; Cincinnati 1 - Grim 4
BOTTOM OF THE 3RD
Grim Reapers batting - Pitching for Cincinnati Pride : RHP Bill Washington
Batting: RHB Ramón Sánchez 0-0: Called Strike
0-1: Ball
1-1: Ball
2-1: Called Strike
2-2: Foul Ball, location: 2F
2-2: Strikes out swinging
Batting: RHB Júlio Núñez 0-0: Ball
1-0: Swinging Strike
1-1: Swinging Strike
1-2: Hit by Pitch
Batting: RHB Fred Wagner 0-0: Ball
1-0: Called Strike
1-1: Fly out, F8 (Line Drive, 8LM)
Lined into DP, 8-3 (Line Drive, 8LM)
Bottom of the 3rd over - 0 runs, 0 hits, 0 errors, 0 left on base; Cincinnati 1 - Grim 4
TOP OF THE 4TH
Cincinnati Pride batting - Pitching for Grim Reapers : LHP Mike Drake
Batting: LHB Pablo Garza 0-0: Called Strike
0-1: Ball
1-1: Called Strike
1-2: Strikes out swinging
Batting: LHB Terry Barton 0-0: Called Strike
0-1: Ball
1-1: Ball
2-1: Foul Ball, location: 2F
2-2: Ball
3-2: Strikes out swinging
Batting: LHB Juan Ortíz 0-0: Ball
1-0: Ball
2-0: Called Strike
2-1: Swinging Strike
2-2: Ball
3-2: Strikes out swinging
Top of the 4th over - 0 runs, 0 hits, 0 errors, 0 left on base; Cincinnati 1 - Grim 4
BOTTOM OF THE 4TH
Grim Reapers batting - Pitching for Cincinnati Pride : RHP Bill Washington
Batting: SHB Luis Sotelo 0-0: Ground out 5-3 (Groundball, 5)
Batting: RHB Pedro López 0-0: Ball
1-0: Called Strike
1-1: Ball
2-1: Ball
3-1: Ground out 4-3 (Groundball, 4M)
Batting: RHB Mario Barker 0-0: Ball
1-0: Foul Ball, location: 2F
1-1: Swinging Strike
1-2: Ball
2-2: Strikes out swinging
Bottom of the 4th over - 0 runs, 0 hits, 0 errors, 0 left on base; Cincinnati 1 - Grim 4
TOP OF THE 5TH
Cincinnati Pride batting - Pitching for Grim Reapers : LHP Mike Drake
Batting: LHB Kevin Hatcher 0-0: Called Strike
0-1: Ball
1-1: Ball
2-1: Ball
3-1: Swinging Strike
3-2: Base on Balls
Batting: LHB Al Dooley 0-0: Called Strike
0-1: Grounds into double play, 4-6-3 (Groundball, 4)
Batting: RHB Ed Hines 0-0: Ball
1-0: SINGLE (Groundball, 6MD)
Batting: LHB Gene Cherry 0-0: Swinging Strike
0-1: Ball
1-1: Called Strike
1-2: Foul Ball, location: 2F
1-2: Strikes out looking
Top of the 5th over - 0 runs, 1 hit, 0 errors, 1 left on base; Cincinnati 1 - Grim 4
BOTTOM OF THE 5TH
Grim Reapers batting - Pitching for Cincinnati Pride : RHP Bill Washington
Batting: RHB Arturo Franco 0-0: Ball
1-0: Called Strike
1-1: Ball
2-1: Foul Ball, location: 2F
2-2: Strikes out looking
Batting: RHB Phil Martin 0-0: Fly out, F3 (Popup, 3SF)
Batting: LHB Benny Lawson 0-0: Ball
1-0: Called Strike
1-1: Foul Ball, location: 2F
1-2: Ball
2-2: Fly out, F6 (Line Drive, 6M)
Bottom of the 5th over - 0 runs, 0 hits, 0 errors, 0 left on base; Cincinnati 1 - Grim 4
TOP OF THE 6TH
Cincinnati Pride batting - Pitching for Grim Reapers : LHP Mike Drake
Batting: LHB Ed Ballard 0-0: Bunt for hit - play at first, batter OUT! 1-3
Batting: RHB Dudley Helms 0-0: Fly out, F8 (Flyball, 8RD)
Batting: LHB Pablo Garza 0-0: Ball
1-0: Ball
2-0: Called Strike
2-1: Fly out, F8 (Flyball, 8LXD)
Top of the 6th over - 0 runs, 0 hits, 0 errors, 0 left on base; Cincinnati 1 - Grim 4
BOTTOM OF THE 6TH
Grim Reapers batting - Pitching for Cincinnati Pride : RHP Bill Washington
Batting: RHB Ramón Sánchez 0-0: Ball
1-0: Fly out, F4 (Popup, 4S)
Batting: RHB Júlio Núñez 0-0: Foul Ball, location: 2F
0-1: Called Strike
0-2: Strikes out swinging
Batting: RHB Fred Wagner 0-0: Called Strike
0-1: Ball
1-1: Ball
2-1: Called Strike
2-2: Foul Ball, location: 2F
2-2: Strikes out swinging
Bottom of the 6th over - 0 runs, 0 hits, 0 errors, 0 left on base; Cincinnati 1 - Grim 4
TOP OF THE 7TH
Cincinnati Pride batting - Pitching for Grim Reapers : LHP Mike Drake
Batting: LHB Terry Barton 0-0: Fly out, F5 (Popup, 5SF)
Batting: LHB Juan Ortíz 0-0: Ground out 5-3 (Groundball, 5L)
Batting: LHB Kevin Hatcher 0-0: Called Strike
0-1: Swinging Strike
0-2: Strikes out swinging
Top of the 7th over - 0 runs, 0 hits, 0 errors, 0 left on base; Cincinnati 1 - Grim 4
BOTTOM OF THE 7TH
Grim Reapers batting - Pitching for Cincinnati Pride : RHP Bill Washington
Batting: SHB Luis Sotelo 0-0: Ball
1-0: DOUBLE (Line Drive, 7LD)
Batting: RHB Pedro López 0-0: Intentional Walk
Pitching: RHP Héctor Fabián
Batting: RHB Mario Barker 0-0: Bunted foul
0-1: Sac Bunt - play at first, batter OUT! 2-4
Luis Sotelo to third
Pedro López to second
Batting: RHB Arturo Franco 0-0: Called Strike
0-1: Ball
1-1: Ground out 5-3 (Groundball, 5S)
Batting: RHB Phil Martin 0-0: Swinging Strike
0-1: Foul Ball, location: 2F
0-2: Ball
1-2: Strikes out looking
Bottom of the 7th over - 0 runs, 1 hit, 0 errors, 2 left on base; Cincinnati 1 - Grim 4
TOP OF THE 8TH
Cincinnati Pride batting - Pitching for Grim Reapers : LHP Mike Drake
Batting: LHB Al Dooley 0-0: Ball
1-0: Swinging Strike
1-1: Ball
2-1: Ball
3-1: Swinging Strike
3-2: Strikes out looking
Batting: RHB Ed Hines 0-0: Swinging Strike
0-1: Called Strike
0-2: Strikes out looking
Batting: LHB Gene Cherry 0-0: Ball
1-0: SINGLE (Line Drive, 78S)
Batting: LHB Ed Ballard 0-0: SINGLE (Line Drive, 89S)
Gene Cherry to second
Batting: RHB Dudley Helms 0-0: Fielders Choice at 2nd, 6-4 (Groundball, 6)
Top of the 8th over - 0 runs, 2 hits, 0 errors, 2 left on base; Cincinnati 1 - Grim 4
BOTTOM OF THE 8TH
Grim Reapers batting - Pitching for Cincinnati Pride : RHP Héctor Fabián
Pitching: RHP Chet Miller
Batting: LHB Benny Lawson 0-0: Ball
1-0: Foul Ball, location: 2F
1-1: Ball
2-1: Ball
3-1: Fly out, F8 (Flyball, 8RS)
Batting: RHB Ramón Sánchez 0-0: Swinging Strike
0-1: Foul Ball, location: 2F
0-2: Foul Ball, location: 2F
0-2: Ball
1-2: SOLO HOME RUN (Flyball, 7LD), Distance : 365 ft
Batting: RHB Júlio Núñez 0-0: Ball
1-0: Called Strike
1-1: Ball
2-1: Ball
3-1: Swinging Strike
3-2: Foul Ball, location: 2F
3-2: Fly out, F7 (Flyball, 7)
Batting: RHB Fred Wagner 0-0: Foul Ball, location: 2F
0-1: Ball
1-1: Ground out 5-3 (Groundball, 5)
Bottom of the 8th over - 1 run, 1 hit, 0 errors, 0 left on base; Cincinnati 1 - Grim 5
TOP OF THE 9TH
Cincinnati Pride batting - Pitching for Grim Reapers : LHP Mike Drake
Batting: LHB Pablo Garza 0-0: Ball
1-0: Swinging Strike
1-1: Ball
2-1: Called Strike
2-2: Ball
3-2: Base on Balls
Batting: LHB Terry Barton 0-0: Called Strike
0-1: Swinging Strike
0-2: Fly out, F7 (Flyball, 7D)
Batting: LHB Juan Ortíz 0-0: Swinging Strike
0-1: Ball
1-1: Swinging Strike
1-2: Strikes out swinging
Pitching: RHP Jacob Pearson
Batting: LHB Kevin Hatcher 0-0: Swinging Strike
0-1: Ball
1-1: Ball
2-1: Called Strike
2-2: Foul Ball, location: 2F
2-2: Strikes out swinging
Top of the 9th over - 0 runs, 0 hits, 0 errors, 1 left on base; Cincinnati 1 - Grim 5
Saturday, April 7th, 2018 - OOTP Baseball 18.8 Build 76